 Dungeon Crawl Stone Soup version 0.28-a0-664-gc179e30c89 (webtiles) character file.

Game seed: 5266793833874190152

69762 Drevant2 the Tortoise (level 15, -3/112 (125) HPs)
             Began as a Human Wanderer on Oct 16, 2021.
             Was a Believer of Ashenzari.
             Killed from afar by an orc sorcerer (22 damage)
             ... with a bolt of negative energy
             ... while paralysed by an orc sorcerer
             ... on level 1 of the Orcish Mines.
             The game lasted 01:26:34 (26872 turns).

Drevant2 the Tortoise (Human Wanderer)             Turns: 26872, Time: 01:26:34

HP:   -3/112 (125)  AC: 24    Str: 14    XL:     15   Next: 75%
MP:   15/15         EV:  2    Int: 14    God:    Ashenzari [**....]
Gold: 1289          SH:  0    Dex: 22    Spells: 14/14 levels left

rFire   + + .      SeeInvis +   I - +10 rapier "Cursed Seer" {pain, *Noise rPois rF+, Fort, Evo} (curse)
rCold   + . .      Faith    .   d - +2 buckler
rNeg    . . .      Spirit   .   r - +3 chain mail of the Perceptive Ordeal {rC+, Bglg, Fort} (curse)
rPois   +          Reflect  .   x - +2 hat "I Knew You'd Do That" {Alch, Melee} (curse)
rElec   .          Harm     .   k - +0 cloak
rCorr   .          Rampage  .   (no gloves)
Will    +....                   l - +0 pair of boots
Stlth   ..........              m - amulet of regeneration
HPRegen 1.28/turn               i - ring of the Wild Blue Yonder {rF+, Melee, Bglg} (curse)
MPRegen 0.14/turn               o - +6 ring of dexterity

@: paralysed, spiked, heavily drained
A: no striking features
a: Renounce Religion, Curse Item, Shatter the Chains


You were on level 1 of the Orcish Mines.
You worshipped Ashenzari.
Ashenzari was pleased with you.
You visited 4 branches of the dungeon, and saw 19 of its levels.
You also visited: Ossuary.

You collected 2837 gold pieces.
You spent 1548 gold pieces at shops.

Inventory:

Hand Weapons
 c - a +0 quarterstaff
 n - a +0 scimitar of flaming
 v - a +0 short sword of venom
 I - the cursed +10 rapier "Cursed Seer" (weapon) {pain, *Noise rPois rF+, Fort, Evo}
   (You bought it in a shop on level 7 of the Dungeon)

   In the hands of one skilled in necromantic magic, it inflicts extra damage on
   living creatures.
   rF:        It protects you from fire.
   rPois:     It protects you from poison.
   *Noise:    It may make noises in combat.
   It has a curse which improves the following skills: Fortitude: Armour and
   Shields.
   Evocations: Evocations.
Missiles
 b - 3 javelins (quivered)
 F - 2 throwing nets
Armour
 d - a +2 buckler (worn)
 e - a +0 robe
 h - a +0 chain mail
 k - a +0 cloak (worn)
 l - a +0 pair of boots (worn)
 r - the cursed +3 chain mail of the Perceptive Ordeal (worn) {rC+, Bglg, Fort}
   (You bought it in a shop on level 6 of the Dungeon)

   It has a curse which improves the following skills: Beguiling: Conjurations,
   Hexes and Translocations.
   Fortitude: Armour and Shields.
 s - a +0 ring mail
 w - the +3 ring mail of Benevolence {Rampage rPois rN+ rCorr Int+3}
   (You found it on level 6 of the Dungeon)

   Int:       It affects your intelligence (+3).
   rPois:     It protects you from poison.
   rN:        It protects you from negative energy.
   rCorr:     It protects you from acid and corrosion.
   Rampage:   It bestows one free step when moving towards enemies.
 x - the cursed +2 hat "I Knew You'd Do That" (worn) {Alch, Melee}
   (You found it on level 6 of the Dungeon)

   It has a curse which improves the following skills: Alchemy: Poison Magic and
   Transmutations.
   Melee Combat: Short Blades, Long Blades, Axes, Maces & Flails, Polearms,
   Staves and Unarmed Combat.
 B - a +0 pair of gloves
 M - +0 swamp dragon scales
Jewellery
 i - the cursed ring of the Wild Blue Yonder (left hand) {rF+, Melee, Bglg}
   (You found it on level 2 of the Dungeon)

   [ring of protection from fire]

   rF:        It protects you from fire.
   It has a curse which improves the following skills: Melee Combat: Short
   Blades, Long Blades, Axes, Maces & Flails, Polearms, Staves and Unarmed
   Combat.
   Beguiling: Conjurations, Hexes and Translocations.
 m - an amulet of regeneration (around neck)
 o - a +6 ring of dexterity (right hand)
 y - the ring "Oreadod" {AC+4 Str+3 Int+5}
   (You found it on level 6 of the Lair of Beasts)

   [ring of protection]

   AC:        It affects your AC (+4).
   Str:       It affects your strength (+3).
   Int:       It affects your intelligence (+5).
 C - a ring of protection from fire
 K - a +4 ring of protection
 S - a +6 ring of intelligence
 V - a ring of ice
Wands
 a - a wand of paralysis (47)
 u - a wand of acid (15)
 D - a wand of flame (24)
 L - a wand of iceblast (9)
 O - a wand of mindburst (14)
 P - a wand of charming (12)
 T - a wand of digging (4)
Scrolls
 f - 5 scrolls of holy word
 g - 2 scrolls of amnesia
 p - 6 scrolls of enchant armour
 t - 2 scrolls of silence
 z - 4 scrolls of magic mapping
 H - 3 scrolls of enchant weapon
 N - a scroll of acquirement
 R - a scroll of brand weapon
Potions
 j - 4 potions of brilliance
 q - 3 potions of flight
 E - 3 potions of lignification
 Q - 2 potions of curing
 U - 2 potions of resistance
 X - a potion of might
Miscellaneous
 A - a lightning rod (4/4)
 G - a box of beasts
 J - a phial of floods


   Skills:
 - Level 13.7 Fighting
 - Level 12.6(14.9) Short Blades
 - Level 1.0 Throwing
 * Level 17.7(19.8) Armour
 - Level 7.0 Dodging
 - Level 4.0 Stealth
 - Level 2.8(4.7) Shields
 - Level 3.0(5.0) Unarmed Combat
 - Level 1.0(1.9) Evocations


You had 14 spell levels left.
You didn't know any spells.
Your spell library contained the following spells:

 Spells                   Type           Power      Damage    Failure   Level
 Apportation              Tloc           0%         N/A       87%         1
 Foxfire                  Conj/Fire      0%         2x1d4     88%         1
 Shock                    Conj/Air       0%         1d3       88%         1
 Animate Skeleton         Necr           0%         N/A       89%         1
 Pain                     Necr           0%         1d4       89%         1
 Summon Small Mammal      Summ           0%         N/A       89%         1
 Wereblood                Tmut           0%         N/A       95%         2
 Corpse Rot               Necr/Air       N/A        N/A       96%         2
 Sublimation of Blood     Necr           0%         N/A       96%         2
 Ozocubu's Armour         Ice            0%         N/A       99%         3
 Vampiric Draining        Necr           0%         2d6       99%         3
 Dispel Undead            Necr           0%         3d6       100%        4
 Summon Ice Beast         Ice/Summ       0%         N/A       100%        4
 Alistair's Intoxication  Tmut/Pois      0%         N/A       100%        5
 Summon Mana Viper        Hex/Summ       0%         N/A       100%        5
 Death Channel            Necr           0%         N/A       100%        6
 Invisibility             Hex            0%         N/A       100%        6
 Monstrous Menagerie      Summ           0%         N/A       100%        7
 Orb of Destruction       Conj           0%         N/A       100%        7
 Ozocubu's Refrigeration  Ice            0%         4d5       100%        7
 Summon Hydra             Summ           0%         N/A       100%        7
 Chain Lightning          Conj/Air       0%         N/A       100%        9


Dungeon Overview and Level Annotations

Branches:
Dungeon (11/15)            Temple (0/1) D:6            Lair (6/6) D:10
 Spider (0/4) Lair:4        Slime (0/5) Lair:5          Orc (1/2) D:11
   Hell (visited)         Ossuary (visited)
  Swamp: Lair:2-4    Shoals: Lair:2-4       Dis: Hell:1         Geh: Hell:1
    Coc: Hell:1         Tar: Hell:1

Altars:
Ashenzari
Dithmenos
Elyvilon
Fedhas
Gozag
Hepliaklqana
Makhleb
Okawaru
Ru
Sif Muna
Uskayaw
Wu Jian
Xom
The Shining One
Jiyva

Shops:
D:6 ![*[   D:7 (

Portals:
Hell: Lair:6
Trove: D:10 (give 6 scrolls of fear)

Annotations:
D:5 Dowan
Lair:3 exclusion: oklob plant
Hell Geryon


Message History

The orc sorcerer is heavily wounded.
You hit the orc sorcerer.
The orc sorcerer is severely wounded.
The orc sorcerer points at you and mumbles some strange words.
The bolt of negative energy hits you!!
You feel drained.
* * * LOW HITPOINT WARNING * * *
The bolt of negative energy misses the sixfirhy.
The red devil hits you but does no damage.
Unknown command.
You hit the orc sorcerer but do no damage.
The orc sorcerer is severely wounded.
You hit the orc sorcerer but do no damage.
The orc sorcerer is severely wounded.
The sixfirhy hits you!
* * * LOW HITPOINT WARNING * * *
The sixfirhy shocks you!
* * * LOW HITPOINT WARNING * * *
The orc sorcerer hits you but does no damage.
The sixfirhy hits you.
* * * LOW HITPOINT WARNING * * *
The sixfirhy shocks you!
* * * LOW HITPOINT WARNING * * *
The red devil hits you from afar with a +0 trident.
* * * LOW HITPOINT WARNING * * *
Barbed spikes become lodged in your body.
You feel much better.
The sixfirhy hits you but does no damage.
The sixfirhy hits you!
* * * LOW HITPOINT WARNING * * *
The sixfirhy shocks you!
* * * LOW HITPOINT WARNING * * *
You block the sixfirhy's attack.
The orc sorcerer gestures at you while chanting.
You suddenly lose the ability to move!
The sixfirhy hits you but does no damage.
The red devil hits you but does no damage.
The sixfirhy hits you but does no damage. x2
The orc sorcerer points at you and mumbles some strange words.
The bolt of negative energy hits you!!
You feel drained.
You die...

#.##...#.##....##### **.#
#. ##.....#...###..##
*..### .. #...
#....#.#...####....# .,
.#.......#.......#.....# *
* ##.#.#.###..............#
,..*####.#..##.......# ...
......##...4###......###...
.. ......o..###......###...
* ., ,#.#@..##.......##...
..###3.##.......#.... * ..
#...............## , ,
,,*##.#...###.#.....# , * ,
$.##....###....... * * ,
.... ######......... #.#..,
##.....#.^.. , , *# #.. ,
#....######. , , , ... ,
##...#.#....


You could see a sixfirhy (summoned), an orc sorcerer and a red devil (summoned).

Vanquished Creatures
  Kirke (Lair:4)
  A very ugly thing (D:10)
  Nessos (Lair:6)
  A dire elephant (Lair:5)
  Fannar (D:11)
  9 hydras
  Erolcha (D:11)
  A centaur warrior (D:8)
  A boulder beetle (D:11)
  A hell beast (Lair:6)
  A catoblepas (Lair:6)
  Erica (D:9)
  A two-headed ogre (D:9)
  6 death yaks
  Nergalle (Orc:1)
  A necromancer (Lair:2)
  3 wizards
  6 ugly things (D:10)
  19 elephants
  7 black mambas
  A smoke demon (Lair:6)
  An orange demon (Lair:6)
  2 torpor snails
  A gargoyle (D:11)
  7 rime drakes
  Maggie (Lair:1)
  16 cane toads
  10 komodo dragons
  An ice devil (Lair:6)
  3 jumping spiders (Lair:4)
  A hornet (D:8)
  4 red devils (Lair:6)
  4 polar bears
  2 trolls (D:11)
  24 blink frogs
  Prince Ribbit (D:6)
  4 dream sheep (Lair:5)
  5 redbacks (Lair:4)
  41 yaks
  5 wyverns
  2 vampires (D:11)
  2 wraiths (D:11)
  A hog (Lair:4)
  6 basilisks
  2 steam dragons
  2 vampire mosquitoes (Lair:2)
  Menkaure (Ossuary)
  17 water moccasins
  2 hell hounds (Lair:6)
  6 orc warriors
  6 ogres
  A sky beast (D:7)
  A swamp drake (Lair:2)
  3 black bears
  4 centaurs
  11 wolves
  17 bullfrogs
  2 gnoll sergeants
  9 killer bees
  3 jellies
  3 wights (D:6)
  A howler monkey (D:8)
  4 electric eels
  A bullfrog zombie (D:7)
  4 centaur zombies
  2 hounds
  2 centaur skeletons
  7 orc priests
  4 bullfrog skeletons
  A gnoll shaman (D:8)
  5 iguanas
  5 orc wizards
  2 yak simulacra (Lair:2)
  5 polar bear simulacra (Lair:2)
  A killer bee zombie (D:6)
  2 wolf simulacra (Lair:2)
  3 mummies (Ossuary)
  29 gnolls
  6 adders
  2 howler monkey skeletons
  An adder skeleton (D:4)
  2 dart slugs
  29 orcs
  A ball python (D:4)
  4 endoplasms
  2 giant cockroaches (D:2)
  16 goblins
  5 hobgoblins
  3 jackals (D:2)
  A quokka (D:1)
  4 bats
  2 frilled lizards
  2 gnoll skeletons (Ossuary)
  4 gnoll zombies (Ossuary)
  3 goblin skeletons (Ossuary)
  2 goblin zombies (Ossuary)
  5 hobgoblin skeletons (Ossuary)
  3 hobgoblin zombies (Ossuary)
  2 kobolds
  6 kobold skeletons (Ossuary)
  3 kobold zombies (Ossuary)
  4 orc skeletons (Ossuary)
  8 orc zombies (Ossuary)
  3 rats
  5 rat skeletons (Ossuary)
  5 rat zombies (Ossuary)
  2 river rat simulacra (Lair:2)
512 creatures vanquished.

Vanquished Creatures (collateral kills)
  A catoblepas (Lair:5)
  2 death yaks (Lair:2)
  A torpor snail (Lair:2)
  A yak (Lair:2)
  A hell hound (Lair:6)
6 creatures vanquished.

Vanquished Creatures (others)
  2 orcs (D:11)
  60 fungi
  73 plants
135 creatures vanquished.

Grand Total: 653 creatures vanquished

Notes
Turn   | Place    | Note
-------+----------+-------------------------------------------
     0 | D:1      | Drevant2 the Human Wanderer began the quest for the Orb.
     0 | D:1      | Drevant2 set off with the following items: a +2 dagger, a
                  | potion of haste, a +0 quarterstaff, a scroll of
                  | teleportation, a +0 robe
     0 | D:1      | Reached XP level 1. HP: 15/15 MP: 1/1
    30 | D:1      | Found a faded altar of an unknown god.
    89 | D:1      | Prayed at the altar of an unknown god.
    89 | D:1      | Became a worshipper of Ashenzari the Shackled
   130 | D:1      | Reached skill level 1 in Short Blades
   299 | D:1      | Reached XP level 2. HP: 21/21 MP: 2/2
  1533 | D:2      | Reached XP level 3. HP: 6/26 MP: 3/3
  1538 | D:2      | HP: 1/26 [poisoned by an adder]
  2892 | D:2      | Reached XP level 4. HP: 23/32 MP: 4/4
  3107 | D:3      | Reached * piety under Ashenzari
  3763 | D:4      | Identified a scroll of acquirement
  3765 | D:4      | Found a white marble altar of Elyvilon.
  3796 | D:4      | Reached XP level 5. HP: 33/37 MP: 5/5
  4338 | D:5      | Entered Level 5 of the Dungeon
  4347 | D:5      | Reached skill level 5 in Short Blades
  4369 | D:5      | Reached XP level 6. HP: 37/43 MP: 6/6
  4668 | D:5      | Noticed a water moccasin
  5059 | D:5      | Noticed Dowan
  5150 | D:5      | Noticed an ogre
  5217 | D:5      | Reached XP level 7. HP: 27/48 MP: 7/7
  5297 | D:5      | Noticed a steam dragon
  5297 | D:5      | Noticed a steam dragon
  5852 | D:3      | Found a blossoming altar of Fedhas.
  6027 | D:5      | Killed a water moccasin
  6196 | D:6      | Found a staircase to the Ecumenical Temple.
  6291 | D:6      | Found Satzocw's Antique Armour Emporium.
  6314 | D:6      | Found Ycuplen's General Store.
  6344 | D:6      | Reached XP level 8. HP: 54/54 MP: 8/8
  6354 | D:6      | Reached skill level 2 in Armour
  6450 | D:6      | Reached skill level 3 in Armour
  6462 | D:6      | Bought a shiny chain mail for 240 gold pieces
  6478 | D:6      | Reached ** piety under Ashenzari
  6601 | D:6      | Found Beallois's Antique Armour Shop.
  6660 | D:6      | Found a shimmering altar of Xom.
  6968 | D:6      | Reached skill level 4 in Armour
  7113 | D:6      | Found Kaas's Distillery.
  7319 | D:6      | Reached skill level 5 in Armour
  7426 | D:6      | Noticed Prince Ribbit
  7726 | D:6      | Bought a potion of heal wounds for 55 gold pieces
  7726 | D:6      | Bought a potion of heal wounds for 55 gold pieces
  8200 | D:5      | Reached skill level 6 in Armour
  8200 | D:5      | Reached XP level 9. HP: 33/57 MP: 9/9
  8438 | D:6      | Identified the +3 ring mail of Benevolence {Rampage rPois
                  | rN+ rCorr Int+3}
  8552 | D:6      | Found a shadowy altar of Dithmenos.
  8566 | D:7      | Found Usyitis's Weapon Boutique.
  8667 | D:6      | Acquired 915 gold pieces
  8677 | D:6      | Found a glowing golden altar of the Shining One.
  8692 | D:6      | Reached skill level 7 in Armour
  9074 | D:6      | Killed Prince Ribbit
  9075 | D:6      | Reached skill level 8 in Armour
  9129 | D:6      | Bought a scroll of teleportation for 39 gold pieces
  9129 | D:6      | Bought a scroll of teleportation for 39 gold pieces
  9537 | D:7      | Reached skill level 9 in Armour
  9569 | D:7      | Found a shimmering blue altar of Sif Muna.
  9597 | D:8      | Identified the +6 short sword "Oggedgh Loekh" {holy,
                  | Fragile rPois rC+++ SInv}
  9703 | D:8      | Found a sand-covered staircase.
  9717 | Ossuary  | Entered an ossuary
 10096 | Ossuary  | Noticed Menkaure
 10111 | Ossuary  | Killed Menkaure
 10858 | D:8      | Noticed a centaur warrior
 10965 | D:8      | Killed a centaur warrior
 10966 | D:8      | Reached skill level 10 in Armour
 10966 | D:8      | Reached XP level 10. HP: 37/65 MP: 10/10
 10977 | D:8      | Noticed a boulder beetle
 11096 | D:8      | Paralysed by a hornet for 3 turns
 11158 | D:7      | Reached skill level 1 in Dodging
 11329 | D:7      | Found an iron altar of Okawaru.
 11377 | D:7      | Reached skill level 1 in Shields
 11437 | D:7      | Found a broken altar of Ashenzari.
 11537 | D:7      | Found an ornate altar of the Wu Jian Council.
 11738 | D:7      | Found a hazy altar of Hepliaklqana.
 11997 | D:7      | Found an opulent altar of Gozag.
 12367 | D:9      | Noticed a two-headed ogre
 12382 | D:9      | Killed a two-headed ogre
 12571 | D:9      | Reached skill level 5 in Dodging
 12617 | D:9      | Noticed Erica
 12688 | D:9      | Killed Erica
 13554 | D:8      | Reached XP level 11. HP: 70/70 MP: 11/11
 14017 | D:10     | Entered Level 10 of the Dungeon
 14248 | D:7      | Bought the +10 rapier of the Last Things {pain, *Noise
                  | rPois rF+} for 1120 gold pieces
 14861 | D:10     | Found a staircase to the Lair.
 14935 | D:10     | Noticed a green ugly thing
 14936 | D:10     | Noticed a brown ugly thing
 14938 | D:10     | Noticed a red ugly thing
 14980 | D:10     | Killed a brown ugly thing
 14981 | D:10     | Reached skill level 10 in Short Blades
 14992 | D:10     | Killed a white ugly thing
 15017 | D:10     | Killed a red ugly thing
 15146 | D:10     | Noticed a wizard
 15146 | D:10     | Identified Hinakk's Catalogue of Igneous Arcane Weapons
 15155 | D:10     | Killed a wizard
 15195 | D:10     | Noticed a cyan ugly thing
 15195 | D:10     | Noticed a cyan ugly thing
 15197 | D:10     | Noticed a purple ugly thing
 15216 | D:10     | Killed a purple ugly thing
 15224 | D:10     | Killed a purple ugly thing
 15233 | D:10     | Killed a cyan ugly thing
 15270 | D:10     | Noticed a wizard
 15283 | D:10     | Killed a wizard
 15288 | D:10     | Noticed a cyan very ugly thing
 15327 | Lair:1   | Entered Level 1 of the Lair of Beasts
 15424 | Lair:1   | Reached XP level 12. HP: 64/78 MP: 12/12
 15601 | Lair:1   | Noticed Maggie
 15617 | Lair:1   | Killed Maggie
 15840 | Lair:1   | Reached skill level 5 in Fighting
 16702 | Lair:2   | Noticed a death yak
 16709 | Lair:2   | Noticed a death yak
 16720 | Lair:2   | Killed a death yak
 16721 | Lair:2   | Killed a death yak
 16852 | Lair:2   | Noticed a six-headed hydra
 16863 | Lair:2   | Killed a six-headed hydra
 17075 | Lair:2   | Noticed a four-headed hydra
 17090 | Lair:2   | Killed a four-headed hydra
 17150 | Lair:2   | Reached XP level 13. HP: 77/100 MP: 13/13
 17643 | Lair:2   | Reached skill level 10 in Fighting
 17870 | Lair:3   | Found a blossoming altar of Fedhas.
 18069 | Lair:3   | Noticed a seven-headed hydra
 18154 | Lair:3   | Noticed a seven-headed hydra
 18678 | Lair:4   | Noticed Kirke
 18735 | Lair:4   | Identified the cursed +2 hat "I Knew You'd Do That" {Alch,
                  | Melee} (You found it on level 6 of the Dungeon)
 18735 | Lair:4   | Identified the cursed +3 chain mail of the Perceptive
                  | Ordeal {rC+, Bglg, Fort} (You bought it in a shop on level
                  | 6 of the Dungeon)
 18735 | Lair:4   | Identified the cursed ring of the Wild Blue Yonder {rF+,
                  | Melee, Bglg} (You found it on level 2 of the Dungeon)
 18737 | Lair:4   | Killed Kirke
 18909 | Lair:4   | Found a hole to the Spider Nest.
 19311 | Lair:4   | Noticed a five-headed hydra
 19336 | Lair:4   | Killed a five-headed hydra
 19337 | Lair:4   | Reached skill level 11 in Armour
 19361 | Lair:4   | Reached XP level 14. HP: 82/119 MP: 14/14
 20045 | Lair:4   | Reached skill level 12 in Armour
 20795 | Lair:5   | Reached skill level 13 in Armour
 20848 | Lair:5   | Found a viscous altar of Jiyva.
 20849 | Lair:5   | Found a staircase to the Slime Pits.
 21190 | Lair:6   | Entered Level 6 of the Lair of Beasts
 21352 | Lair:6   | Noticed Nessos
 21540 | Lair:6   | Reached skill level 14 in Armour
 21985 | Lair:6   | Reached skill level 15 in Armour
 22084 | Lair:6   | Reached XP level 15. HP: 121/125 MP: 15/15
 22640 | Lair:6   | Reached skill level 16 in Armour
 22759 | Lair:6   | Found a burning altar of Makhleb.
 22968 | Lair:6   | Killed Nessos
 23519 | Lair:6   | Identified the ring "Oreadod" {AC+4 Str+3 Int+5}
 23939 | Lair:6   | Found a gateway to Hell.
 23961 | Hell     | Entered the Vestibule of Hell
 23961 | Hell     | Noticed Geryon
 24873 | D:8      | Reached skill level 17 in Armour
 25194 | D:10     | Found a hide-covered altar of Uskayaw.
 25194 | D:10     | Found a sacrificial altar of Ru.
 25226 | D:10     | Found a burning altar of Makhleb.
 25340 | D:10     | Found a portal to a secret trove of treasure.
 25408 | D:10     | Killed a cyan very ugly thing
 25611 | D:10     | Identified the +1 ring mail of Maericups {+Blink rF-
                  | Will+++ Int+4}
 25809 | D:11     | Noticed Fannar
 25829 | D:11     | Killed Fannar
 26100 | D:11     | Noticed Erolcha
 26115 | D:11     | Killed Erolcha
 26666 | D:11     | Found a staircase to the Orcish Mines.
 26679 | Orc:1    | Entered Level 1 of the Orcish Mines
 26790 | Orc:1    | Noticed Nergalle
 26825 | Orc:1    | Killed Nergalle
 26857 | Orc:1    | Paralysed by an orc sorcerer for 7 turns
 26871 | Orc:1    | Paralysed by an orc sorcerer for 7 turns
 26872 | Orc:1    | Killed from afar by an orc sorcerer

Illustrated notes

Levels and vault maps discovered:
D:1:      dpeg_arrival_short_road, layout_basic,
          chequers_ecumenical_altar_island, kennysheep_boxes
D:2:      layout_basic
D:3:      cheibrodos_greedy_goblins, layout_basic, mainiacjoe_overflow_alcove_1
D:4:      layout_rooms, elyvilon_altar_5
D:5:      kennysheep_steamy, layout_gridville,
          hangedman_abyss_or_decor_lesser_grid, minmay_misc_feat_roman,
          minmay_diced_spiral, uniq_duvessa
D:6:      layout_loops_corners, grunt_dithmenos_smoke_and_mirrors,
          mainiacjoe_overflow_alcove_4, tso_metal_star,
          minmay_temple_entry_ruins, serial_shops,
          nicolae_shop_competitors_out_of_business, nicolae_shop_behind_doors,
          shop_coins, kennysheep_mini_moat, chequers_decorated_corner,
          uniq_prince_ribbit1
D:7:      layout_loops_ring, kennysheep_little_box,
          mainiacjoe_overflow_six_doors_small, mainiacjoe_overflow_alcove_2,
          nicolae_hepliaklqana_hippocampus, okawaru_altar_gauntlet_db,
          serial_shops, nicolae_shop_crystal, minmay_ruined_shrine
D:8:      kennysheep_big_flooded_room, layout_cave_pods,
          nicolae_ossuary_entry_monument
D:9:      layout_roguey, serial_corexii_hall, corexii_hall_statues_u,
          chequers_hall_statues_y, chequers_hall_statues_wall_a,
          chequers_hall_statues_corner_a, uniq_erica
D:10:     cheibrodos_breeding_chamber, layout_stronghold,
          gammafunk_temple_overflow_forgotten, dpeg_oklobed_lair,
          nicolae_trove_entry_columns
D:11:     layout_basic, erik_orc_2, serial_corexii_hall, corexii_hall_statues_i,
          corexii_hall_statues_x, kennysheep_diamond, uniq_erolcha, uniq_fannar
Lair:1:   layout_regular_city, infiniplex_staircase_pool_2, lemuel_fruit_fields,
          serial_bayou_shore_a, uniq_maggie
Lair:2:   cheibrodos_lair_river_kwai, layout_loops_ring, serial_bayou,
          serial_bayou_crossing, serial_bayou_shore_b, serial_bayou_lagoon_a,
          serial_bayou_pond_b, serial_bayou_pond_e, eino_house_with_fridge,
          lemuel_fruit_fields
Lair:3:   layout_roguey, minmay_shoals_entry_lonely_mermaid,
          hangedman_tree_tricks, pond, grunt_megastairs_1, lemuel_fruit_tree
Lair:4:   layout_cave_pods, nicolae_spider_entry_tight_spaces, uniq_kirke
Lair:5:   layout_regular_city, dpeg_slime_entry_enclosed_altar
Lair:6:   evil_forest, layout_cave_pods, grunt_megastairs_4, uniq_nessos
Orc:1:    layout_diamond_mine, serial_shops, shop, uniq_nergalle
Hell

Skill      XL: |  1  2  3  4  5  6  7  8  9 10 11 12 13 14 15 |
---------------+----------------------------------------------+-----
Short Blades   | 1 2 3 4 5 6 8 12 | 12.6
Armour         | 6 10 11 15 17 | 17.7
Dodging        | 6 7 |  7.0
Shields        | 2 |  2.8
Fighting       | 9 13 | 13.7
Throwing       | |  1.0
Stealth        | |  4.0
Unarmed Combat | |  3.0
Evocations     | |  1.0

Action                   |  1- 3 |  4- 6 |  7- 9 | 10-12 | 13-15 || total
-------------------------+-------+-------+-------+-------+-------++-------
Melee: Dagger            |    85 |   197 |  1093 |   491 |       ||  1866
       Punch             |     1 |     6 |    20 |     1 |       ||    28
       Rapier            |       |       |       |   427 |  1650 ||  2077
Throw: Javelin           |       |       |       |     2 |     2 ||     4
Invok: Curse Item        |     1 |     1 |     1 |     2 |       ||     5
       Shatter the Chain |       |       |       |     1 |       ||     1
Evoke: Wand              |       |       |     3 |     9 |     6 ||    18
  Use: Potion            |     1 |       |     9 |     8 |     4 ||    22
       Scroll            |       |     2 |     3 |     7 |     7 ||    19
 Stab: Sleeping          |     4 |     5 |     2 |       |       ||    11
       Distracted        |       |     2 |       |       |       ||     2
       Invisible         |       |       |     5 |       |       ||     5
       Paralysed         |       |       |       |       |     1 ||     1
Armor: Robe              |    10 |    10 |       |       |       ||    20
       Ring mail         |       |    27 |    64 |       |       ||    91
       Chain mail        |       |       |   377 |   258 |   565 ||  1200
Dodge: Dodged            |    32 |    67 |   214 |   190 |   435 ||   938
Block: Buckler           |       |       |       |   152 |   371 ||   523

Table legend: (Time is in decaauts)
 A = Elapsed time spent in this place.
 B = Non-inter-level travel time spent in this place.
 C = Inter-level travel time spent in this place.
 D = Time resting spent in this place.
 E = Time spent auto-exploring this place.
 F = Levels seen in this place.
 G = Mean time per level.
                   A        B        C        D        E       F      G
               +--------+--------+--------+--------+--------+-----+--------+
         Total |  25123 |  18355 |   6768 |   4611 |   7607 |  20 | 1256.2 |
       Dungeon |  15910 |  10496 |   5414 |   2961 |   4097 |  11 | 1446.4 |
          Lair |   8459 |   7121 |   1338 |   1594 |   3412 |   6 | 1409.8 |
  Orcish Mines |    161 |    146 |     15 |      0 |     80 |   1 |  161.0 |
          Hell |      1 |      1 |      0 |      0 |      0 |   1 |    1.0 |
       Ossuary |    589 |    589 |      0 |     56 |     17 |   1 |  589.0 |
               +--------+--------+--------+--------+--------+-----+--------+

Top non-repeatable levels by time:
     D:6: 2326 daAuts
     D:7: 2197 daAuts
  Lair:5: 2040 daAuts
  Lair:6: 1914 daAuts
     D:2: 1764 daAuts
     D:8: 1623 daAuts
     D:5: 1546 daAuts
    D:10: 1472 daAuts
  Lair:4: 1444 daAuts
  Lair:2: 1334 daAuts
     D:1: 1286 daAuts
     D:3: 1230 daAuts
  Lair:1: 1048 daAuts
     D:9: 1018 daAuts
    D:11: 780 daAuts
